NWL (28 & UNDER)
MENLO MANIACS @ CULVER CITY EXTRAS
09/08/2023
 
TOP OF THE 1ST
Menlo Maniacs batting - Pitching for Culver City Extras : RHP Chris Marshall
Pitching: RHP Chris Marshall
Batting: RHB Alberto Hernández 0-0: Ball
1-0: Swinging Strike
1-1: Ball
2-1: Called Strike
2-2: Ball
3-2: Base on Balls
Batting: LHB Vincente Sáenz 0-0: Called Strike
0-1: Ball
1-1: Foul Ball, location: 2F
1-2: SINGLE (Groundball, 34D)
Alberto Hernández to second
Runner from 2nd tries for 3rd, SAFE, no throw or cutoff
Batting: RHB José Aguilera 0-0: Ball
1-0: Swinging Strike
1-1: Ball
2-1: Called Strike
2-2: Ball
3-2: Foul Ball, location: 2F
3-2: Ground out 6-3 (Groundball, 6)
Alberto Hernández scores
Vincente Sáenz to second
Batting: LHB Nicholas Alston 0-0: Ball
1-0: Ball
2-0: Foul Ball, location: 2F
2-1: Swinging Strike
2-2: Ball
3-2: Foul Ball, location: 2F
3-2: Foul Ball, location: 2F
3-2: SINGLE (Groundball, 56D) (infield hit)
Vincente Sáenz to third
Batting: RHB Tom Meyer 0-0: Called Strike
0-1: Ball
1-1: Called Strike
1-2: Foul Ball, location: 2F
1-2: Strikes out swinging
Batting: RHB Jesús Cuevas 0-0: Ball
1-0: Called Strike
1-1: Fly out, F9 (Flyball, 9M)
Top of the 1st over - 1 run(s), 2 hit(s), 0 error(s), 2 left on base; Menlo 1 - Culver City 0
BOTTOM OF THE 1ST
Culver City Extras batting - Pitching for Menlo Maniacs : RHP Jason Taylor
Pitching: RHP Jason Taylor
Batting: LHB Richard Bell 0-0: Called Strike
0-1: Fly out, F8 (Flyball, 8RM)
Batting: RHB Cooper Richard 0-0: Ball
1-0: Foul Ball, location: 2F
1-1: Ground out 6-3 (Groundball, 6)
Batting: LHB Larry Howard 0-0: Called Strike
0-1: Foul Ball, location: 2F
0-2: Strikes out swinging
Bottom of the 1st over - 0 run(s), 0 hit(s), 0 error(s), 0 left on base; Menlo 1 - Culver City 0
TOP OF THE 2ND
Menlo Maniacs batting - Pitching for Culver City Extras : RHP Chris Marshall
Batting: LHB Héctor Flores 0-0: Foul Ball, location: 2F
0-1: Foul Ball, location: 2F
0-2: Ball
1-2: Fly out, F7 (Flyball, 78M)
Batting: LHB Glen Martin 0-0: Foul Ball, location: 2F
0-1: Foul Ball, location: 2F
0-2: Ground out 4-3 (Groundball, 4)
Batting: RHB Vicente Martínez 0-0: Swinging Strike
0-1: DOUBLE (Flyball, 78XD)
Batting: RHB Alberto Hernández 0-0: Foul Ball, location: 2F
0-1: Ball
1-1: Foul Ball, location: 2F
1-2: Ball
2-2: 2-RUN HOME RUN (Flyball, 8LXD), Distance : 430 ft
Batting: LHB Vincente Sáenz 0-0: Called Strike
0-1: Ball
1-1: Fly out, F6 (Line Drive, 6MD)
Top of the 2nd over - 2 run(s), 2 hit(s), 0 error(s), 0 left on base; Menlo 3 - Culver City 0
BOTTOM OF THE 2ND
Culver City Extras batting - Pitching for Menlo Maniacs : RHP Jason Taylor
Batting: LHB Ronaldo Gois 0-0: Ball
1-0: Ball
2-0: Ground out 4-3 (Groundball, 4)
Batting: RHB Jesús Aquino 0-0: Called Strike
0-1: Foul Ball, location: 2F
0-2: Ball
1-2: Strikes out swinging
Batting: RHB Sixto Banda 0-0: Swinging Strike
0-1: Called Strike
0-2: Ball
1-2: Ball
2-2: Strikes out swinging, 2-3 out at first.
Bottom of the 2nd over - 0 run(s), 0 hit(s), 0 error(s), 0 left on base; Menlo 3 - Culver City 0
TOP OF THE 3RD
Menlo Maniacs batting - Pitching for Culver City Extras : RHP Chris Marshall
Batting: RHB José Aguilera 0-0: Ball
1-0: Ball
2-0: Called Strike
2-1: Foul Ball, location: 2F
2-2: Ball
3-2: SINGLE (Flyball, 89S)
Batting: LHB Nicholas Alston 0-0: Called Strike
José Aguilera steals 2nd base
0-1: Ball
1-1: Ball
2-1: Ball
3-1: Foul Ball, location: 2F
3-2: Foul Ball, location: 2F
3-2: Strikes out swinging
Batting: RHB Tom Meyer 0-0: Ball
1-0: Ground out 5-3 (Groundball, 56)
Batting: RHB Jesús Cuevas 0-0: SINGLE (Line Drive, 9S)
José Aguilera to third
Runner from 3rd tries for Home, SAFE, no throw or cutoff
Batting: LHB Héctor Flores 0-0: Called Strike
0-1: Called Strike
0-2: Foul Ball, location: 2F
0-2: Fly out, F7 (Flyball, 7D)
Top of the 3rd over - 1 run(s), 2 hit(s), 0 error(s), 1 left on base; Menlo 4 - Culver City 0
BOTTOM OF THE 3RD
Culver City Extras batting - Pitching for Menlo Maniacs : RHP Jason Taylor
Batting: RHB Axel Guimont 0-0: Ball
1-0: Called Strike
1-1: Foul Ball, location: 2F
1-2: Ground out 6-3 (Groundball, 6)
Batting: RHB Max Rash 0-0: Foul Ball, location: 2F
0-1: Ball
1-1: Called Strike
1-2: Foul Ball, location: 2F
1-2: Ball
2-2: Strikes out swinging
Batting: RHB Salvador Medine 0-0: Ball
1-0: Foul Ball, location: 2F
1-1: Foul Ball, location: 2F
1-2: Foul Ball, location: 2F
1-2: Strikes out swinging
Bottom of the 3rd over - 0 run(s), 0 hit(s), 0 error(s), 0 left on base; Menlo 4 - Culver City 0
TOP OF THE 4TH
Menlo Maniacs batting - Pitching for Culver City Extras : RHP Chris Marshall
Batting: LHB Glen Martin 0-0: Ball
1-0: Ball
2-0: Called Strike
2-1: Swinging Strike
2-2: DOUBLE (Line Drive, 9LM)
Batting: RHB Vicente Martínez 0-0: Called Strike
0-1: Swinging Strike
0-2: Strikes out swinging
Batting: RHB Alberto Hernández 0-0: Ball
1-0: Called Strike
1-1: Called Strike
Glen Martin steals 3rd base
1-2: Foul Ball, location: 2F
1-2: SINGLE (Line Drive, 56D)
Glen Martin scores
Batting: LHB Vincente Sáenz 0-0: Ball
1-0: Ball
2-0: Ball
3-0: Base on Balls
Alberto Hernández to second
Batting: RHB José Aguilera 0-0: Ball
1-0: SINGLE (Flyball, 4D)
Alberto Hernández to third
Vincente Sáenz to second
Runner from 3rd tries for Home, SAFE, throw made home
Vincente Sáenz to third
José Aguilera to second
Batting: LHB Nicholas Alston 0-0: Ball
1-0: Ground out 4-3 (Groundball, 4)
Vincente Sáenz scores
José Aguilera to third
Pitching: RHP Juan Tapia
Batting: RHB Tom Meyer 0-0: Called Strike
0-1: Fly out, F9 (Flyball, 89S)
Top of the 4th over - 3 run(s), 3 hit(s), 0 error(s), 1 left on base; Menlo 7 - Culver City 0
BOTTOM OF THE 4TH
Culver City Extras batting - Pitching for Menlo Maniacs : RHP Jason Taylor
Batting: LHB Richard Bell 0-0: Hit by Pitch
Batting: RHB Cooper Richard 0-0: SINGLE (Groundball, 6S)
Richard Bell to second
Batting: LHB Larry Howard 0-0: Called Strike
0-1: Called Strike
0-2: Strikes out swinging
Batting: LHB Ronaldo Gois 0-0: Called Strike
0-1: Swinging Strike
0-2: Strikes out swinging
Batting: RHB Jesús Aquino 0-0: SINGLE (Groundball, 56D) (infield hit)
Richard Bell to third
Cooper Richard to second
Batting: RHB Sixto Banda 0-0: Called Strike
0-1: Ball
1-1: Ball
2-1: Ball
3-1: Foul Ball, location: 2F
3-2: Base on Balls
Richard Bell scores
Cooper Richard to third
Jesús Aquino to second
Batting: RHB Axel Guimont 0-0: Called Strike
0-1: Swinging Strike
0-2: Strikes out looking
Bottom of the 4th over - 1 run(s), 2 hit(s), 0 error(s), 3 left on base; Menlo 7 - Culver City 1
TOP OF THE 5TH
Menlo Maniacs batting - Pitching for Culver City Extras : RHP Juan Tapia
Batting: RHB Jesús Cuevas 0-0: Called Strike
0-1: Ground out 6-3 (Groundball, 6S)
Batting: LHB Héctor Flores 0-0: Ball
1-0: Ball
2-0: SINGLE (Flyball, 8RS)
Batting: LHB Glen Martin 0-0: Ball
Héctor Flores steals 2nd base
1-0: Foul Ball, location: 2F
1-1: Ball
2-1: Foul Ball, location: 2F
2-2: Ball
3-2: Foul Ball, location: 2F
3-2: Base on Balls
Batting: RHB Vicente Martínez 0-0: Called Strike
0-1: Foul Ball, location: 2F
0-2: Strikes out swinging
Batting: RHB Alberto Hernández 0-0: Ball
1-0: Ball
2-0: Swinging Strike
2-1: Foul Ball, location: 2F
2-2: Foul Ball, location: 2F
2-2: Foul Ball, location: 2F
2-2: Ball
3-2: Reached on error, E4 (Groundball, 4)
Héctor Flores to third
Glen Martin to second
Batting: LHB Vincente Sáenz 0-0: Ball
1-0: Fly out, F7 (Flyball, 78M)
Top of the 5th over - 0 run(s), 1 hit(s), 1 error(s), 3 left on base; Menlo 7 - Culver City 1
BOTTOM OF THE 5TH
Culver City Extras batting - Pitching for Menlo Maniacs : RHP Jason Taylor
Batting: RHB Max Rash 0-0: Ball
1-0: Ball
2-0: Ball
3-0: Base on Balls
Batting: RHB Salvador Medine 0-0: Ball
1-0: Foul Ball, location: 2F
1-1: Called Strike
1-2: Ball
2-2: Ball
3-2: Ground out 3-1 (Groundball, 34)
Max Rash to second
Batting: LHB Richard Bell 0-0: Swinging Strike
0-1: Foul Ball, location: 2F
0-2: Ball
1-2: Foul Ball, location: 2F
1-2: Strikes out swinging
Batting: RHB Cooper Richard 0-0: Ball
1-0: Foul Ball, location: 2F
1-1: Called Strike
1-2: Strikes out looking
Bottom of the 5th over - 0 run(s), 0 hit(s), 0 error(s), 1 left on base; Menlo 7 - Culver City 1
TOP OF THE 6TH
Menlo Maniacs batting - Pitching for Culver City Extras : RHP Juan Tapia
Batting: RHB José Aguilera 0-0: Ball
1-0: Ground out 3-1 (Groundball, 34S)
Batting: LHB Nicholas Alston 0-0: Swinging Strike
0-1: Ball
1-1: Called Strike
1-2: Ball
2-2: Strikes out swinging
Batting: RHB Tom Meyer 0-0: Swinging Strike
0-1: Called Strike
0-2: Ball
1-2: Strikes out swinging
Top of the 6th over - 0 run(s), 0 hit(s), 0 error(s), 0 left on base; Menlo 7 - Culver City 1
BOTTOM OF THE 6TH
Culver City Extras batting - Pitching for Menlo Maniacs : RHP Jason Taylor
Batting: LHB Larry Howard 0-0: Ball
1-0: Ball
2-0: Ball
3-0: Called Strike
3-1: Swinging Strike
3-2: Base on Balls
Batting: LHB Ronaldo Gois 0-0: Swinging Strike
0-1: TRIPLE (Flyball, 8LM)
Larry Howard scores
Batting: RHB Jesús Aquino 0-0: Ball
1-0: Called Strike
1-1: Ball
2-1: Ball
Wild Pitch!
Ronaldo Gois scores
3-1: Ground out 3-1 (Groundball, 3)
Batting: RHB Sixto Banda 0-0: Ball
1-0: Ball
2-0: Ball
3-0: Base on Balls
Batting: RHB Axel Guimont 0-0: Called Strike
0-1: Ball
1-1: Ball
2-1: Fly out, F9 (Flyball, 8RD)
Batting: RHB Max Rash 0-0: Ball
1-0: Swinging Strike
1-1: Fielders Choice at 2nd, U4 (Groundball, 4M)
Bottom of the 6th over - 2 run(s), 1 hit(s), 0 error(s), 1 left on base; Menlo 7 - Culver City 3
TOP OF THE 7TH
Menlo Maniacs batting - Pitching for Culver City Extras : RHP Juan Tapia
Pitching: RHP Pedro Días
Batting: RHB Jesús Cuevas 0-0: Ball
1-0: Ball
2-0: Called Strike
2-1: Ball
3-1: Base on Balls
Batting: LHB Héctor Flores 0-0: Bunted foul
0-1: Bunted foul
0-2: Foul Ball, location: 2F
0-2: Ball
1-2: Foul Ball, location: 2F
1-2: Ball
2-2: Ball
3-2: Base on Balls
Jesús Cuevas to second
Batting: LHB Glen Martin 0-0: Sac Bunt - play at first, batter OUT! 3-4
Jesús Cuevas to third
Héctor Flores to second
Batting: RHB Vicente Martínez 0-0: Ball
1-0: Ball
2-0: Ball
3-0: Base on Balls
Batting: RHB Alberto Hernández 0-0: Fly out, F3 (Popup, 3SF)
Batting: LHB Vincente Sáenz 0-0: SINGLE (Line Drive, 9LM)
Jesús Cuevas scores
Héctor Flores to third
Vicente Martínez to second
Runner from 3rd tries for Home, SAFE, no throw or cutoff
Pitching: RHP Tyler Kirkland
Batting: RHB José Aguilera 0-0: Called Strike
0-1: Ball
1-1: TRIPLE (Line Drive, 89D)
Vicente Martínez scores
Vincente Sáenz scores
Batting: LHB Nicholas Alston 0-0: Called Strike
0-1: 2-RUN HOME RUN (Flyball, 8RXD), Distance : 434 ft
Batting: RHB Tom Meyer 0-0: Ball
1-0: Swinging Strike
1-1: Foul Ball, location: 2F
1-2: Reached on Error, E4 (Popup, 34D)
Pinch Hitting: LHB Oliver Frías 0-0: Foul Ball, location: 2F
0-1: Ball
1-1: SINGLE (Line Drive, 6MD)
Tom Meyer to second
Runner from 2nd tries for 3rd, SAFE, throw made to third
Batting: LHB Héctor Flores 0-0: Ground out 5-3 (Groundball, 56)
Top of the 7th over - 6 run(s), 4 hit(s), 1 error(s), 2 left on base; Menlo 13 - Culver City 3
BOTTOM OF THE 7TH
Culver City Extras batting - Pitching for Menlo Maniacs : RHP Jason Taylor
Pitching: LHP José Acosta
Now at SS: Carlos Gonzáles
Batting: RHB Salvador Medine 0-0: Ball
1-0: Ball
2-0: Called Strike
2-1: Ball
3-1: Base on Balls
Batting: LHB Richard Bell 0-0: 2-RUN HOME RUN (Flyball, 89XD), Distance : 433 ft
Batting: RHB Cooper Richard 0-0: Foul Ball, location: 2F
0-1: Fly out, F9 (Flyball, 8RS)
Batting: LHB Larry Howard 0-0: Ball
1-0: Called Strike
1-1: Swinging Strike
1-2: Foul Ball, location: 2F
1-2: Ground out 3-1 (Groundball, 34)
Batting: LHB Ronaldo Gois 0-0: Ball
1-0: Fly out, F7 (Line Drive, 78M)
Bottom of the 7th over - 2 run(s), 1 hit(s), 0 error(s), 0 left on base; Menlo 13 - Culver City 5
TOP OF THE 8TH
Menlo Maniacs batting - Pitching for Culver City Extras : RHP Tyler Kirkland
Batting: LHB Glen Martin 0-0: Ball
1-0: Ball
2-0: SINGLE (Flyball, 4MD)
Batting: RHB Vicente Martínez 0-0: Ball
1-0: Foul Ball, location: 2F
1-1: Swinging Strike
1-2: Foul Ball, location: 2F
1-2: Strikes out swinging
Batting: RHB Alberto Hernández 0-0: Called Strike
0-1: Called Strike
0-2: Strikes out swinging
Batting: LHB Vincente Sáenz 0-0: Ball
1-0: Foul Ball, location: 2F
1-1: Ball
2-1: Ball
3-1: Foul Ball, location: 2F
3-2: Base on Balls
Glen Martin to second
Batting: RHB José Aguilera 0-0: Called Strike
0-1: Fielders Choice at 2nd, U4 (Groundball, 4M)
Top of the 8th over - 0 run(s), 1 hit(s), 0 error(s), 2 left on base; Menlo 13 - Culver City 5
BOTTOM OF THE 8TH
Culver City Extras batting - Pitching for Menlo Maniacs : LHP José Acosta
Batting: RHB Jesús Aquino 0-0: Ball
1-0: Ball
2-0: Ball
3-0: Called Strike
3-1: Called Strike
3-2: Foul Ball, location: 2F
3-2: Ground out 3-1 (Groundball, 34)
Batting: RHB Sixto Banda 0-0: Ground out 5-3 (Groundball, 5)
Batting: RHB Axel Guimont 0-0: Swinging Strike
0-1: Ball
1-1: Foul Ball, location: 2F
1-2: Strikes out looking
Bottom of the 8th over - 0 run(s), 0 hit(s), 0 error(s), 0 left on base; Menlo 13 - Culver City 5
TOP OF THE 9TH
Menlo Maniacs batting - Pitching for Culver City Extras : RHP Tyler Kirkland
Pinch Hitting: RHB William Parker 0-0: Ball
1-0: Ball
2-0: Called Strike
2-1: Ball
3-1: Swinging Strike
3-2: Strikes out swinging
Batting: RHB Tom Meyer 0-0: Ball
1-0: Ball
2-0: DOUBLE (Flyball, 78D)
Pitching: RHP Jeff Lynn
Batting: RHB Carlos Gonzáles 0-0: Ball
1-0: SINGLE (Flyball, 8LM)
Tom Meyer to third
Batting: LHB Héctor Flores 0-0: Ball
1-0: Called Strike
1-1: Ball
2-1: Fly out, F6 (Popup, 6)
Batting: LHB Glen Martin 0-0: Ball
1-0: Foul Ball, location: 2F
1-1: Foul Ball, location: 2F
1-2: Fly out, F8 (Flyball, 8RM)
Top of the 9th over - 0 run(s), 2 hit(s), 0 error(s), 2 left on base; Menlo 13 - Culver City 5
BOTTOM OF THE 9TH
Culver City Extras batting - Pitching for Menlo Maniacs : LHP José Acosta
Now in RF: William Parker
Batting: RHB Max Rash 0-0: Called Strike
0-1: Ball
1-1: Ball
2-1: Foul Ball, location: 2F
2-2: SINGLE (Groundball, 15S) (infield hit)
Batting: RHB Salvador Medine 0-0: Ball
1-0: Fly out, F7 (Flyball, 7S)
Batting: LHB Richard Bell 0-0: Foul Ball, location: 2F
0-1: Foul Ball, location: 2F
0-2: Fly out, F8 (Popup, 8LS)
Batting: RHB Cooper Richard 0-0: Foul Ball, location: 2F
0-1: Called Strike
0-2: Foul Ball, location: 2F
0-2: Ball
1-2: Strikes out swinging
Bottom of the 9th over - 0 run(s), 1 hit(s), 0 error(s), 1 left on base; Menlo 13 - Culver City 5
This league is powered by Out of the Park Baseball, the baseball management simulation game for PC, Mac and Linux
Wednesday, December 2nd, 2015 - OOTP Baseball 16.8 Build 38